 Dungeon Crawl Stone Soup version 0.28.0 (webtiles) character file.

Game seed: 8342564602744856773

217 Prodoman the Magician (level 5, -2/52 HPs)
             Began as a Demonspawn Hedge Wizard on Feb 4, 2022.
             Was an Initiate of Hepliaklqana.
             Slain by an ogre (13 damage)
             ... on level 3 of the Dungeon.
             The game lasted 00:16:14 (4303 turns).

Prodoman the Magician (Demonspawn Hedge Wizard)     Turns: 4303, Time: 00:16:16

Health: -2/52      AC: 22    Str: 11    XL:     5   Next: 61%
Magic:  8/11       EV:  2    Int: 17    God:    Hepliaklqana [......]
Gold:   110        SH:  0    Dex: 12    Spells: 9/12 levels left

rFire   . . .      SeeInvis .   i - staff of poison
rCold   . . .      Faith    .   (no shield)
rNeg    . . .      Spirit   .   (armour currently unavailable)
rPois   +          Reflect  .   (helmet currently unavailable)
rElec   .          Harm     .   (cloak currently unavailable)
rCorr   .          Rampage  .   (gloves currently unavailable)
Will    .....      NoTele   +   (boots currently unavailable)
Stlth   ++........              (no amulet)
HPRegen 0.17/turn               (no ring)
MPRegen 0.12/turn               (no ring)

@: tree-form
A: stationary, stasis, torment immunity, boosted hp, demonic guardian 1, (sharp
scales 1)
a: Renounce Religion


You were on level 3 of the Dungeon.
You worshipped Hepliaklqana.
Hepliaklqana was noncommittal.
You were a tree.
You visited 1 branch of the dungeon, and saw 3 of its levels.

You collected 110 gold pieces.

Inventory:

Hand Weapons
 a - a +0 dagger
 l - a +2 mace of protection
 q - a +0 antimagic flail
Armour
 b - a +0 robe (melded)
 c - a +0 hat (melded)
 d - a +0 pair of boots (melded)
 k - a +0 kite shield
 o - a +0 leather armour
Magical Staves
 i - a staff of poison (weapon)
Jewellery
 p - a +6 ring of intelligence
Scrolls
 f - 2 scrolls of teleportation
 g - a scroll of enchant armour {unknown}
 h - a scroll of magic mapping {unknown}
 s - a scroll of fog {unknown}
 t - a scroll of immolation {unknown}
Potions
 e - a potion of brilliance
 j - a potion of lignification
 m - a potion of mutation {unknown}
 r - a potion of attraction


   Skills:
 + Level 1.1 Staves
 - Level 2.0 Dodging
 - Level 2.0 Stealth
 * Level 4.3 Spellcasting
 + Level 2.3 Conjurations
 + Level 2.2 Summonings
 - Level 1.0 Translocations
 + Level 1.1 Poison Magic
 + Level 1.3 Evocations


You had 9 spell levels left.
You knew the following spells:

 Your Spells              Type           Power      Damage    Failure   Level
a - Magic Dart            Conj           44%        1d5       6%          1
b - Call Imp              Summ           11%        N/A       9%          2

Your spell library contained the following spells:

 Spells                   Type           Power      Damage    Failure   Level
 Animate Skeleton         Necr           6%         N/A       16%         1
 Pain                     Necr           12%        1d4       16%         1
 Slow                     Hex            12%        N/A       16%         1
 Blink                    Tloc           14%        N/A       16%         2
 Conjure Flame            Conj/Fire      7%         6-21      28%         3
 Mephitic Cloud           Conj/Pois/Air  11%        N/A       28%         3
 Vampiric Draining        Necr           3%         2d6       43%         3


Dungeon Overview and Level Annotations

Branches:
Dungeon (3/15)

Altars:
Hepliaklqana
Trog
Xom

Shops:
D:1 *


Innate Abilities, Weirdness & Mutations

You are a tree.
Your roots penetrate the ground, keeping you stationary.
You cannot be teleported.
You are immune to unholy pain and torment.
Your maximum health is greatly increased.
Your equipment is partially melded.
A weak demonic guardian rushes to your aid.
((You are partially covered in razor-sharp scales. (AC +1, Slay +1)))


Message History

Aim: an ogre, wielding a +0 giant spiked club (heavily wounded, about 25% to evade your staff of poison)
Okay, then.
It was a potion of curing.
You feel better.
The orc hits your iron imp but does no damage.
Your iron imp closely misses the hobgoblin.
Your quasit bites the hobgoblin.
Your quasit claws the hobgoblin but does no damage.
Your quasit completely misses the hobgoblin.
The ogre hits you with a +0 giant spiked club!
* * * LOW HITPOINT WARNING * * *
The hobgoblin hits you but does no damage.
You feel better.
The orc hits your iron imp with a +0 trident.
Your quasit barely misses the hobgoblin. x2
Your quasit claws the hobgoblin.
Your iron imp barely misses the orc.
The hobgoblin closely misses your quasit.
Okay, then.
Casting: Call Imp (safe; 9% risk of failure)
Confirm with . or Enter, or press ? or * to list all spells.
Aiming: Magic Dart (safe; 6% risk of failure)
Press: ? - help, Shift-Dir - straight line, f/p - ogre
Aim: an ogre, wielding a +0 giant spiked club (heavily wounded, 100% to hit)
The magic dart hits the ogre.
The ogre is heavily wounded.
Your quasit closely misses the hobgoblin.
Your quasit barely misses the hobgoblin. x2
The ogre hits you with a +0 giant spiked club.
* * * LOW HITPOINT WARNING * * *
The orc hits your iron imp with a +0 trident!
Your iron imp dies!
Your iron imp disappears in a puff of smoke!
The hobgoblin misses your quasit.
Casting: Magic Dart (safe; 6% risk of failure)
Confirm with . or Enter, or press ? or * to list all spells.
A shadowy apparition takes form in the air.
Your quasit barely misses the hobgoblin.
Your quasit claws the hobgoblin.
Your quasit claws the hobgoblin but does no damage.
The ogre hits you with a +0 giant spiked club!
You die...

#.# #.# #.# #.# #.#############.#
#...............#
#.########.####.#
########################.####..
...)................#.....#....
##+######.....##..5#..#.#...#.##.
#...#...#.##..oO♣#.#.†..#.#.#. ##
....)...'†...##g.#...#..#.#... #
#...#...#†.....5.....#)...#.....
### ############################


You could see an ogre, an orc, a hobgoblin (ally target), a friendly quasit
(summoned) and a friendly shadow imp (summoned).

Vanquished Creatures
  An iguana (D:3)
  An adder (D:3)
  3 dart slugs
  4 orcs (D:3)
  3 ball pythons
  3 bats
  3 endoplasms (D:1)
  11 goblins
  5 hobgoblins
  13 jackals
  A quokka (D:1)
  5 frilled lizards
  5 kobolds
  6 rats
64 creatures vanquished.

Vanquished Creatures (collateral kills)
  An orc wizard (D:3)
  3 gnolls (D:3)
  2 adders
  A shadow imp (D:3)
  2 dart slugs
  An orc (D:3)
  A goblin (D:3)
  7 jackals
  A ball python (D:3)
19 creatures vanquished.

Grand Total: 83 creatures vanquished

Notes
Turn   | Place    | Note
-------+----------+-------------------------------------------
     0 | D:1      | Prodoman the Demonspawn Hedge Wizard began the quest for
                  | the Orb.
     0 | D:1      | Reached XP level 1. HP: 13/13 MP: 4/4
   285 | D:1      | Reached skill level 1 in Translocations
   494 | D:1      | Gained mutation: You are partially covered in razor-sharp
                  | scales. (AC +1, Slay +1) [demonic ancestry]
   494 | D:1      | Reached XP level 2. HP: 19/19 MP: 3/6
   777 | D:1      | Learned a level 2 spell: Call Imp
   963 | D:1      | Found Kahia's Assorted Antiques.
   996 | D:1      | Gained mutation: A weak demonic guardian rushes to your
                  | aid. [demonic ancestry]
   996 | D:1      | Reached XP level 3. HP: 14/24 MP: 1/7
  1666 | D:2      | Found a bloodstained altar of Trog.
  2299 | D:2      | Found a faded altar of an unknown god.
  2810 | D:3      | Reached XP level 4. HP: 13/30 MP: 3/9
  3214 | D:3      | Reached skill level 4 in Spellcasting
  3216 | D:3      | Reached XP level 5. HP: 33/35 MP: 4/11
  3388 | D:3      | Reached skill level 1 in Evocations
  3520 | D:3      | Reached skill level 1 in Staves
  3520 | D:3      | Reached skill level 1 in Poison Magic
  3950 | D:3      | Found a hazy altar of Hepliaklqana.
  3952 | D:3      | Found a shimmering altar of Xom.
  3953 | D:3      | Noticed a spectral ugly thing
  3961 | D:3      | Became a worshipper of Hepliaklqana the Forgotten
  4278 | D:3      | Noticed an ogre
  4303 | D:3      | Slain by an ogre

Illustrated notes

Levels and vault maps discovered:
D:1:      shiori_arrival_maze, layout_rooms, serial_shops,
          nicolae_shop_temple_entry_statues_fountains,
          hangedman_decor_clover_reticule, minmay_crystal_water
D:2:      layout_basic, dreamdust_ecumenical_altar_statues, basic_altar,
          st_stairs_2
D:3:      minmay_thinvault, layout_basic, regret_index_temple_of_mockery,
          corexii_leaking_fountain

Skill      XL: |  1  2  3  4  5 |
---------------+----------------+-----
Translocations | 1 |  1.0
Stealth        | 2 |  2.0
Dodging        | 2 |  2.0
Conjurations   | 2 |  2.3
Summonings     | 2 |  2.2
Spellcasting   | 4 |  4.3
Evocations     | 1 |  1.3
Staves         | 1 |  1.1
Poison Magic   | 1 |  1.1

Action                   |  1- 3 |  4- 6 || total
-------------------------+-------+-------++-------
Melee: Dagger            |    54 |       ||    54
       Staff             |    10 |    59 ||    69
       Punch             |       |     1 ||     1
 Cast: Magic Dart        |    90 |    61 ||   151
       Call Imp          |     4 |    17 ||    21
  Use: Scroll            |     3 |     1 ||     4
       Potion            |     1 |     3 ||     4
 Stab: Distracted        |     1 |     1 ||     2
Armor: Robe              |    23 |    31 ||    54
       Skin              |       |     8 ||     8
Dodge: Dodged            |    44 |    72 ||   116
